 Dungeon Crawl Stone Soup version 0.16-a0-4013-gd591273 (webtiles) character file.

270 dysrexia the Grappler (level 6, -8/51 HPs)
             Began as a Ghoul Monk on Feb 17, 2015.
             Mangled by an orc wizard
             ... wielding a +0 dagger of electrocution
              (15 damage)
             ... on level 4 of the Dungeon.
             The game lasted 00:12:05 (2338 turns).

dysrexia the Grappler (Ghoul Monk)                  Turns: 2338, Time: 00:12:05

Health: -8/51      AC:  8    Str: 17    XL:     6   Next: 22%
Magic:  5/5        EV:  7    Int:  7    God:
Gold:   159        SH:  0    Dex: 11    Spells: 0 memorised, 5 levels left

rFire  . . .     SeeInvis .       - Unarmed
rCold  + . .     Clarity  .     c - +0 chain mail
rNeg   + + +     SustAb   .     (no shield)
rPois  ∞         Gourm    .     (no helmet)
rElec  .         Spirit   .     (no cloak)
rCorr  .         Warding  .     (no gloves)
rMut   .         Stasis   .     (no boots)
MR     .....                    (no amulet)
Stlth  ..........               (no ring)
                                f - +2 ring of intelligence

@: rotting, not resistant to hostile enchantments, extremely unstealthy
A: rotting body, claws 1, carnivore 3, cold resistance 1, negative energy
resistance 3, poison resistance, slow healing 1, torment resistance, unbreathing
a: no special abilities


You were on level 4 of the Dungeon.
You were not hungry.

You visited 1 branch of the dungeon, and saw 4 of its levels.

You collected 159 gold pieces.

Inventory:

Missiles
 k - 19 poisoned needles
Armour
 a - a +0 robe
 c - a +0 chain mail (worn)
Jewellery
 b - a cursed ring of teleportation {unknown}
 d - an uncursed amulet of faith
 f - a +2 ring of intelligence (left claw)
Magical devices
 l - a wand of slowing (46)
 q - a wand of paralysis (15)
Scrolls
 g - a scroll of identify
Potions
 e - a potion of curing
 h - a potion of invisibility {unknown}
 i - a potion of agility
 n - a potion of ambrosia {unknown}
Comestibles
 j - 4 chunks of flesh
 m - 2 meat rations
 p - a royal jelly


   Skills:
 - Level 3.2 Fighting
 - Level 2.6 Dodging
 - Level 2.1 Stealth
 + Level 8.0 Unarmed Combat


You had 5 spell levels left.
You didn't know any spells.

Dungeon Overview and Level Annotations

Branches:
Dungeon (4/15)
 Temple: D:4-7

Altars:
Ashenzari
Cheibriados
Dithmenos
Fedhas
Gozag


Innate Abilities, Weirdness & Mutations

Your body is rotting away.
You thrive on raw meat.
You have sharp fingernails.
You are carnivorous and can eat meat at any time.
Your flesh is cold resistant.
You are immune to negative energy.
Your system is resistant to poisons.
You heal slowly when monsters are visible.
You are immune to unholy pain and torment.
You can survive without breathing.


Message History

You completely miss something. Something hits you but does no damage.
You scratch something but do no damage. The orc hits you with a falchion.
Something hits you but does no damage.
You are electrocuted!
* * * LOW HITPOINT WARNING * * *
You closely miss the orc. The orc hits you with a falchion.
* * * LOW HITPOINT WARNING * * *
Something hits you.
* * * LOW HITPOINT WARNING * * *
You hear some strange, mumbled words.
The puff of flame hits you!
* * * LOW HITPOINT WARNING * * *
Drink which item? (? for menu, Esc to quit)
You feel better. The orc hits you but does no damage.
You closely miss something. The orc hits you with a falchion.
* * * LOW HITPOINT WARNING * * *
Something hits you but does no damage.
You claw the orc!
You kill the orc!
Something hits you but does no damage.
You are electrocuted!
You die...

...............
#...............
#........>...''.
#............#
#....%....#
####....[....+
#........?...#
#........{)..#
#........@...#
#............#
#................
#................
#...........$....
#...............
#..............
#........####.
##..........


There were no monsters in sight!

Vanquished Creatures
  2 hounds
  An orc wizard (D:3)
  2 worker ants (D:4)
  Robin (D:3)
  3 adders
  2 worms
  A giant gecko (D:2)
  5 orcs
  A giant cockroach (D:1)
  19 goblins
  11 hobgoblins
  3 jackals (D:2)
  4 kobolds
  13 bats
  7 giant newts
  A jackal skeleton (D:4)
  6 rats
82 creatures vanquished.

Notes
Turn   | Place    | Note
--------------------------------------------------------------
     0 | D:1      | dysrexia, the Ghoul Monk, began the quest for the Orb.
     0 | D:1      | Reached XP level 1. HP: 19/19 MP: 1/1
   152 | D:1      | Reached XP level 2. HP: 23/26 MP: 2/2
   232 | D:1      | Reached skill level 5 in Unarmed Combat
   421 | D:1      | Reached XP level 3. HP: 26/31 MP: 3/3
   806 | D:2      | Found an opulent altar of Gozag.
   823 | D:2      | Found a shadowy altar of Dithmenos.
   824 | D:2      | Found a snail-covered altar of Cheibriados.
   851 | D:2      | Found a blossoming altar of Fedhas.
  1150 | D:2      | Reached skill level 6 in Unarmed Combat
  1150 | D:2      | Reached XP level 4. HP: 37/37 MP: 3/3
  1360 | D:2      | Found a shattered altar of Ashenzari.
  1579 | D:3      | Noticed Robin
  1622 | D:3      | Killed Robin
  1851 | D:3      | Reached skill level 7 in Unarmed Combat
  1851 | D:3      | Reached XP level 5. HP: 17/45 MP: 4/4
  2240 | D:4      | Reached XP level 6. HP: 48/51 MP: 5/5
  2313 | D:4      | Reached skill level 8 in Unarmed Combat
  2335 | D:4      | HP: 1/51 [something/puff of flame (5)]
  2338 | D:4      | Mangled by an orc wizard

Action                   |  1- 3 |  4- 6 || total
-------------------------+-------+-------++-------
Melee: Unarmed           |   156 |   144 ||   300
  Use: Scroll            |       |     6 ||     6
       Potion            |       |     1 ||     1
 Stab: Sleeping          |     1 |       ||     1
  Eat: Chunk             |    16 |    16 ||    32
